 Dungeon Crawl Stone Soup version 0.19.5 (webtiles) character file.

1068 McKennaii the Magician (level 8, 0/34 HPs)
             Began as a Deep Elf Fire Elementalist on May 8, 2017.
             Slain by an unseen horror (7 damage)
             ... on level 6 of the Dungeon.
             The game lasted 00:13:27 (3785 turns).

McKennaii the Magician (Deep Elf Fire Elementalist) Turns: 3785, Time: 00:13:29

Health: 0/34       AC:  6    Str:  5 (7)  XL:     8   Next: 7%
Magic:  20/21      EV: 17    Int: 27      God:
Gold:   356        SH:  0    Dex: 17 (18) Spells: 3 memorised, 15 levels left

rFire  . . .     SeeInvis .     E - +1 falchion (elec)
rCold  . . .     Gourm    .     a - +0 robe
rNeg   . . .     Faith    .     (no shield)
rPois  .         Spirit   .     y - +0 helmet
rElec  .         Reflect  .     (no cloak)
rCorr  .         Harm     .     i - +2 pair of gloves
MR     .....     Rnd*Rage +     (no boots)
Stlth  +++.......               m - amulet of inaccuracy (curse)
                                x - +4 ring of intelligence
                                n - +3 ring of dexterity

@: no status effects
A: talons 1, repulsion field 1, berserk 1, frail 2, screaming 1, strong 1,
subdued magic 1
a: no special abilities


You were on level 6 of the Dungeon.
You were not hungry.

You visited 1 branch of the dungeon, and saw 6 of its levels.
You also visited: Ossuary.

You collected 356 gold pieces.

Inventory:

Hand Weapons
 E - a +1 falchion of electrocution (weapon)
Armour
 a - a +0 robe (worn)
 i - a +2 pair of gloves (worn)
 y - a +0 helmet (worn)
Jewellery
 m - a cursed amulet of inaccuracy (around neck)
 n - a +3 ring of dexterity (left hand)
 o - an uncursed amulet of regeneration
 p - an uncursed ring of ice
 s - an uncursed amulet of the gourmand
 x - a +4 ring of intelligence (right hand)
Wands
 k - a wand of disintegration (6/24)
 u - a wand of flame (48/48)
Scrolls
 e - 3 scrolls of recharging
 h - 5 scrolls of identify
 j - a scroll of blinking
 q - 2 scrolls of summoning {unknown}
 r - 2 scrolls of magic mapping {unknown}
 t - 4 scrolls of immolation {unknown}
 w - a scroll of teleportation {unknown}
 z - a scroll of fear {unknown}
 G - 3 scrolls of amnesia {unknown}
Potions
 g - 3 potions of agility
 l - 2 potions of flight
 A - a potion of brilliance
 C - a potion of beneficial mutation
 D - 2 potions of heal wounds
Books
 b - a book of Flames

   Spells                             Type                      Level
   a - Flame Tongue                   Conjuration/Fire             1
   b - Throw Flame                    Conjuration/Fire             2
   c - Conjure Flame                  Conjuration/Fire             3
   d - Inner Flame                    Hexes/Fire                   3
   e - Sticky Flame                   Conjuration/Fire             4
   f - Fireball                       Conjuration/Fire             5
 v - a book of Minor Magic

   Spells                             Type                      Level
   a - Magic Dart                     Conjuration                  1
   b - Blink                          Translocation                2
   c - Call Imp                       Summoning                    2
   d - Repel Missiles                 Charms/Air                   2
   e - Slow                           Hexes                        2
   f - Conjure Flame                  Conjuration/Fire             3
   g - Mephitic Cloud                 Conjuration/Poison/Air       3
Comestibles
 c - 3 bread rations
 d - 2 fruits
 f - 4 meat rations
 B - 4 chunks of flesh


   Skills:
 + Level 1.0 Fighting
 + Level 4.6 Dodging
 + Level 3.3 Stealth
 + Level 7.4 Spellcasting
 + Level 5.3 Conjurations
 + Level 6.0 Fire Magic


You had 15 spell levels left.
You knew the following spells:

 Your Spells              Type           Power        Failure   Level  Hunger
a - Flame Tongue          Conj/Fire      ####.        1%          1    None
b - Throw Flame           Conj/Fire      ####..       1%          2    None
c - Conjure Flame         Conj/Fire      ####....     1%          3    None


Dungeon Overview and Level Annotations

Branches:
Dungeon (6/15)
 Temple: D:4-7

Altars:
Ashenzari
Cheibriados
Hepliaklqana
Kikubaaqudgha
Nemelex Xobeh
Sif Muna
Zin
The Shining One

Shops:
D:4 [


Innate Abilities, Weirdness & Mutations

You have sharp toenails.
You are surrounded by a mild repulsion field. (EV +2)
You tend to lose your temper in combat.
You are very frail. (-20% HP)
You occasionally shout uncontrollably at your foes.
Your muscles are strong. (Str +2)
Your spells are a little easier to cast, but a little less powerful.


Message History

The hound skeleton is almost destroyed.
Something barely misses you. Something hits you!
The hound skeleton bites you but does no damage.
Something hits you.
* * * LOW HITPOINT WARNING * * *
You closely miss the hound skeleton. You claw the hound skeleton.
The hound skeleton is almost destroyed.
Something barely misses you. The hound skeleton bites you.
* * * LOW HITPOINT WARNING * * *
The hound skeleton misses you.
Casting: Flame Tongue
Confirm with . or Enter, or press ? or * to list all spells.
Aiming: Flame Tongue
Press: ? - help, Shift-Dir - straight line, f - hound skeleton
Aim: a hound skeleton (almost destroyed)
The flame tongue hits the hound skeleton.
You destroy the hound skeleton!
Your Fire Magic skill increases to level 6!
Something hits you!
You die...

.รท................
...##.###........>.
..###.# #.......... ##
..###.# #............
......#####.##.####.#
...#####.......####.#
...# #..#.#.......#####
...# #..#......#.......
...#####..#.....@........
...............#.#.......
...............#.........
........###.#.####.......
...#.#### #.#.# .......
...#<# #.#.. .......
..(#.# #.#### #######
...#.# #.. ...#.# ####.


There were no monsters in sight!

Vanquished Creatures
  A sky beast (D:5)
  2 ogres (D:5)
  A bullfrog (D:6)
  2 scorpions
  3 vampire bats (D:5)
  A crimson imp (D:6)
  The ghost of McKennaii the Firebug, a weakling DEFE (D:3)
  2 hounds
  A jelly (D:6)
  A bullfrog skeleton (D:4)
  2 iguanas
  A centaur skeleton (D:5)
  A worker ant (D:6)
  2 big kobold zombies (Ossuary)
  A hound zombie (Ossuary)
  A hound skeleton (D:6)
  4 mummies (Ossuary)
  4 adders
  2 oozes
  2 adder zombies
  2 adder skeletons
  2 worms
  A leopard gecko (D:1)
  6 orcs
  2 bats
  2 bat skeletons (D:5)
  3 bat zombies (D:5)
  4 giant cockroaches
  2 gnoll zombies (Ossuary)
  3 goblins
  8 hobgoblins
  8 jackals
  A quokka (D:2)
  3 ball pythons
  4 frilled lizards
  A goblin zombie (Ossuary)
  A hobgoblin zombie (Ossuary)
  5 kobolds
  A kobold zombie (Ossuary)
  An orc zombie (Ossuary)
  3 rats
  A rat zombie (Ossuary)
99 creatures vanquished.

Vanquished Creatures (others)
  A kobold zombie (Ossuary)
1 creature vanquished.

Grand Total: 100 creatures vanquished

Notes
Turn   | Place    | Note
-------+----------+-------------------------------------------
     0 | D:1      | McKennaii the Deep Elf Fire Elementalist began the quest for the Orb.
     0 | D:1      | Reached XP level 1. HP: 10/10 MP: 6/6
   207 | D:1      | Reached XP level 2. HP: 15/15 MP: 2/8
   631 | D:2      | Reached XP level 3. HP: 19/19 MP: 6/9
   641 | D:2      | Learned a level 2 spell: Throw Flame
   645 | D:2      | Learned a level 3 spell: Conjure Flame
   828 | D:2      | HP: 1/28 [poisoned by an adder]
  1376 | D:2      | Reached skill level 4 in Spellcasting
  1444 | D:3      | Found a hazy altar of Hepliaklqana.
  1451 | D:3      | Reached XP level 4. HP: 24/24 MP: 9/12
  1466 | D:3      | Noticed McKennaii's ghost (weakling DEFE)
  1471 | D:3      | Killed McKennaii's ghost
  1977 | D:4      | Reached XP level 5. HP: 23/28 MP: 7/14
  2140 | D:4      | Reached skill level 5 in Spellcasting
  2142 | D:4      | Gained mutation: You are clumsy. (Dex -2) [potion of mutation]
  2142 | D:4      | Gained mutation: You are surrounded by a mild repulsion field. (EV +2) [potion of mutation]
  2142 | D:4      | Gained mutation: You have sharp toenails. [potion of mutation]
  2144 | D:4      | Gained mutation: You tend to lose your temper in combat. [potion of mutation]
  2144 | D:4      | Gained mutation: You occasionally shout uncontrollably at your foes. [potion of mutation]
  2249 | D:4      | Reached XP level 6. HP: 23/32 MP: 9/16
  2293 | D:4      | Found Oshry's Armour Shoppe.
  2528 | D:5      | Entered Level 5 of the Dungeon
  2636 | D:5      | Noticed a sky beast
  2642 | D:5      | Killed a sky beast
  2642 | D:5      | Reached skill level 5 in Fire Magic
  2656 | D:5      | Gained mutation: Your spells are a little easier to cast, but a little less powerful. [mutagenic meat]
  2657 | D:5      | Gained mutation: You are frail. (-10% HP) [mutagenic meat]
  2658 | D:5      | Gained mutation: You are very frail. (-20% HP) [mutagenic meat]
  2659 | D:5      | Lost mutation: You are clumsy. (Dex -2) [mutagenic meat]
  2683 | D:5      | Found an ancient bone altar of Kikubaaqudgha.
  2691 | D:5      | Reached skill level 6 in Spellcasting
  2737 | D:5      | Reached XP level 7. HP: 25/29 MP: 0/18
  2845 | D:5      | Found a sand-covered staircase.
  2859 | Ossuary  | Entered an ossuary
  3052 | Ossuary  | Reached skill level 1 in Fighting
  3241 | D:5      | Found Ipoi's Jewellery Shop.
  3255 | D:5      | Gained mutation: Your muscles are strong. (Str +2) [potion of beneficial mutation]
  3398 | D:5      | Found a hazy altar of Hepliaklqana.
  3609 | D:6      | Reached skill level 7 in Spellcasting
  3609 | D:6      | Reached skill level 5 in Conjurations
  3722 | D:6      | Found a shattered altar of Ashenzari.
  3722 | D:6      | Found a glowing golden altar of the Shining One.
  3723 | D:6      | Found a sparkling altar of Nemelex Xobeh.
  3723 | D:6      | Found a deep blue altar of Sif Muna.
  3723 | D:6      | Found a snail-covered altar of Cheibriados.
  3724 | D:6      | Found a glowing silver altar of Zin.
  3730 | D:6      | Reached XP level 8. HP: 34/34 MP: 15/20
  3785 | D:6      | Slain by an unseen horror

Skill      XL: |  1  2  3  4  5  6  7  8 |
---------------+-------------------------+-----
Stealth        | 3 |  3.3
Dodging        | 3 4 |  4.6
Spellcasting   | 4 5 6 7 |  7.4
Conjurations   | 2 4 5 |  5.3
Fire Magic     | 4 5 6 |  6.0
Fighting       | 1 |  1.0

Action                   |  1- 3 |  4- 6 |  7- 9 || total
-------------------------+-------+-------+-------++-------
Melee: Unarmed           |     1 |     6 |     3 ||    10
       Kick              |       |     2 |     3 ||     5
       Falchion          |       |       |     4 ||     4
 Cast: Flame Tongue      |    61 |    96 |    87 ||   244
       Throw Flame       |       |     3 |       ||     3
       Conjure Flame     |       |       |     1 ||     1
  Use: Potion            |     2 |     6 |     7 ||    15
       Scroll            |       |       |     5 ||     5
  Eat: Chunk             |     1 |    10 |     2 ||    13
       Beef jerky        |       |       |     1 ||     1
Armor: Robe              |     8 |    22 |    14 ||    44
Dodge: Dodged            |    22 |    64 |    54 ||   140
       Rpst.: Falchion   |       |       |     2 ||     2
